AoeStats
← Iamak3186

Arabia

503964875Analyzed
1v1 RM · 1mo ago on Sep 3, 2026· 43m 51s· 2 players
Game mode
Random Map
Map size
Tiny (2 player)
Population
200
Speed
Normal
Resources
Standard
Victory
Conquest
Starting age
Dark Age
Ending age
Imperial Age
RankedLock teamsTeams togetherTeam positionsShared explorationLock speedFull tech treeHidden civsTurbo modeCheats
Victory
Defeat
🇮🇳 Mongols · India
1228
+13
🇲🇽 Vietnamese · Mexico
1167
-13
Iamak3186
5:22 Loom
8:06 Feudal Age
9:02 Double-Bit Axe
12:58 Horse Collar
19:50 Castle Age
18:52 Bloodlines
18:42 Gold Mining
19:12 Fletching
20:50 Bow Saw
21:41 Bodkin Arrow
22:33 Heavy Plow
22:38 Padded Archer Armor
22:40 Husbandry
26:01 Ballistics
27:33 Stone Mining
29:21 Wheelbarrow
29:30 Leather Archer Armor
30:49 Thumb Ring
33:52 Light Cavalry
38:14 Imperial Age
36:00 Hand Cart
35:30 Town Watch
36:50 Scale Barding Armor
36:56 Forging
38:21 Chain Barding Armor
39:03 Bracer
39:32 Parthian Tactics
38:45 Heavy Cavalry Archer
39:59 Conscription
40:45 Masonry
42:47 Chemistry
42:43 Hussar
MannyC
2:27 Loom
9:57 Feudal Age
11:12 Double-Bit Axe
11:08 Horse Collar
16:23 Wheelbarrow
20:57 Castle Age
19:19 Gold Mining
19:33 Padded Archer Armor
19:58 Bloodlines
20:25 Fletching
22:01 Bow Saw
21:52 Heavy Plow
21:55 Bodkin Arrow
24:59 Husbandry
25:36 Thumb Ring
27:30 Leather Archer Armor
29:37 Ballistics
30:04 Elite Skirmisher
31:42 Town Watch
37:55 Imperial Age
36:25 Hand Cart
36:11 Town Patrol
38:38 Pikeman
39:20 Bracer
39:40 Imperial Skirmisher
40:53 Crop Rotation
40:38 Squires
41:41 Ring Archer Armor
42:14 Paper Money
41:57 Arson
43:59 Two-Man Saw
42:51 Stone Mining
43:16 Scale Mail Armor
43:27 Forging
43:13 Halberdier
44:23 Chain Mail Armor
Connection lost

Rejoining the realm…

Still unreachable

The connection could not be restored.

Session expired

The server has moved on; the page needs a fresh start.